 Dungeon Crawl Stone Soup version 0.21.1-1-g345015f (webtiles) character file.

130 letownia2 the Insei (level 5, 0/38 HPs)
             Began as a Merfolk Transmuter on Mar 14, 2018.
             Slain by a worker ant (5 damage)
             ... on level 4 of the Dungeon.
             The game lasted 00:05:04 (852 turns).

letownia2 the Insei (Merfolk Transmuter)             Turns: 852, Time: 00:05:05

Health: 0/38       AC:  3    Str: 10    XL:     5   Next: 13%
Magic:  5/8        EV: 12    Int: 13    God:
Gold:   30         SH:  0    Dex: 15    Spells: 2/8 levels left

rFire    . . .     SeeInvis .     - Unarmed
rCold    . . .     Gourm    .   (no shield)
rNeg     . . .     Faith    .   l - +0 leather armour
rPois    .         Spirit   .   (no helmet)
rElec    .         Reflect  .   (no cloak)
rCorr    .         Harm     .   (no gloves)
MR       .....                  (no boots)
Stlth    +.........             (no amulet)
HPRegen  0.12/turn              (no ring)
MPRegen  0.11/turn              (no ring)

@: lethally poisoned (0 -> -20), very slightly contaminated
A: change form in water, swift swim, stealthy swim
a: no special abilities


You were on level 4 of the Dungeon.
You were hungry.

You visited 1 branch of the dungeon, and saw 4 of its levels.

You collected 30 gold pieces.

Inventory:

Hand Weapons
 i - a cursed -1 hunting sling
Missiles
 a - 12 arrows
Armour
 b - a +0 robe
 l - a +0 leather armour (worn)
 m - a +0 ring mail
Scrolls
 e - a scroll of immolation {unknown}
 j - a scroll of enchant armour {unknown}
 n - a scroll of identify {unknown}
Potions
 f - a potion of agility {unknown}
 g - a potion of curing {unknown}
 h - a potion of flight {unknown}
Books
 c - a book of Changes

   Spells                             Type                      Level
   a - Beastly Appendage              Transmutation                1
   b - Sticks to Snakes               Transmutation                2
   c - Spider Form                    Transmutation/Poison         3
   d - Ice Form                       Ice/Transmutation            4
   e - Blade Hands                    Transmutation                5
Comestibles
 d - 3 rations
 k - 5 chunks of flesh


   Skills:
 - Level 2.2 Fighting
 - Level 2.6 Dodging
 + Level 4.5 Unarmed Combat
 - Level 2.0 Spellcasting
 + Level 4.0 Transmutations
 - Level 2.3 Poison Magic


You had 2 spell levels left.
You knew the following spells:

 Your Spells              Type           Power        Failure   Level  Hunger
a - Beastly Appendage     Tmut           ##....       7%          1    ##.....
l - Sticks to Snakes      Tmut           ##......     10%         2    ###....
p - Spider Form           Tmut/Pois      #.........   28%         3    ####...


Dungeon Overview and Level Annotations

Branches:
Dungeon (4/15)
 Temple: D:4-7

Altars:
Fedhas
Nemelex Xobeh
Zin


Message History

You feel sick. The worker ant closely misses you. The worker ant bites you!
* * * LOW HITPOINT WARNING * * *
You are lethally poisoned!
The worker ant poisons you!
You hit the worker ant.
The worker ant is lightly wounded.
* * * LOW HITPOINT WARNING * * *
You feel sick. The worker ant barely misses you.
You hit the worker ant.
The worker ant is moderately wounded.
* * * LOW HITPOINT WARNING * * *
You feel sick. The worker ant bites you.
* * * LOW HITPOINT WARNING * * *
You are more poisoned.
The worker ant poisons you!
You barely miss the worker ant.
The worker ant is moderately wounded.
* * * LOW HITPOINT WARNING * * *
You feel sick. The worker ant bites you.
You die...

# ##...##⌠##...#
#.#_....∩.∩...._
##.##...##.##...#
##...##⌠##⌠.⌠# ##
###.....#####∩#####.
#####...........†.......
...>....................
........................
.......@................
..#....a................
##..###...............
#.. ##..##.......... #.
#..##.......... #.
##..#<......... #
##..####...... ##.# ....
##. ..#


You could see a worker ant.

Vanquished Creatures
  A howler monkey (D:4)
  A worker ant (D:4)
  2 adders
  A worm (D:2)
  3 leopard geckos
  4 orcs (D:4)
  A ball python (D:2)
  2 giant cockroaches
  2 goblins (D:1)
  2 hobgoblins (D:1)
  7 jackals
  3 kobolds (D:1)
  2 quokkas
  3 bats (D:1)
  5 frilled lizards
  A quokka skeleton (D:4)
  5 rats
45 creatures vanquished.

Vanquished Creatures (others)
  7 fungi (D:4)
  6 plants (D:4)
13 creatures vanquished.

Grand Total: 58 creatures vanquished

Notes
Turn   | Place    | Note
-------+----------+-------------------------------------------
     0 | D:1      | letownia2 the Merfolk Transmuter began the quest for the Orb.
     0 | D:1      | Reached XP level 1. HP: 15/15 MP: 3/3
    66 | D:1      | Reached XP level 2. HP: 10/21 MP: 5/5
   254 | D:1      | Learned a level 2 spell: Sticks to Snakes
   273 | D:1      | Reached XP level 3. HP: 10/26 MP: 6/6
   280 | D:1      | Learned a level 3 spell: Spider Form
   430 | D:2      | Reached skill level 1 in Poison Magic
   603 | D:4      | Reached XP level 4. HP: 32/32 MP: 3/7
   635 | D:4      | Found a sparkling altar of Nemelex Xobeh.
   706 | D:4      | Reached XP level 5. HP: 11/38 MP: 1/8
   760 | D:4      | Found a blossoming altar of Fedhas.
   760 | D:4      | Found a glowing silver altar of Zin.
   852 | D:4      | Slain by a worker ant

Skill      XL: |  1  2  3  4 |
---------------+-------------+-----
Transmutations | 3 4 |  4.0
Poison Magic   | 2 |  2.3
Unarmed Combat | 4 |  4.5
Fighting       | 2 |  2.2
Dodging        | |  2.6
Spellcasting   | |  2.0

Action                   |  1- 3 |  4- 6 || total
-------------------------+-------+-------++-------
Melee: Unarmed           |    85 |    54 ||   139
       Headbutt          |     6 |       ||     6
 Cast: Beastly Appendage |     7 |       ||     7
       Spider Form       |     3 |     4 ||     7
  Eat: Chunk             |       |     1 ||     1
Armor: Robe              |    16 |     5 ||    21
       Skin              |       |     2 ||     2
       Leather armour    |       |     1 ||     1
Dodge: Dodged            |    59 |    85 ||   144
